RL
ELKTON GENERALS @ YONKERS HOUNDS
08/11/2059
 
TOP OF THE 1ST
Elkton Generals batting - Pitching for Yonkers Hounds : RHP Braeden Choi
Pitching: RHP Braeden Choi
Batting: RHB Jakob Schreiber 0-0: Called Strike
0-1: Ball
1-1: Foul Ball, location: 2F
1-2: Foul Ball, location: 2F
1-2: Ground out U3 (Groundball, 3S, EV 68.8 MPH)
Batting: SHB Kavon Almodovar 0-0: Ball
1-0: Ball
2-0: SOLO HOME RUN (Flyball, 89XD, EV 101.2 MPH), Distance : 407 ft
Batting: LHB Cody Parker 0-0: Ball
1-0: Ball
2-0: Called Strike
2-1: Called Strike
2-2: Ground out 4-3 (Groundball, 4MS, EV 87.5 MPH)
Batting: RHB Ashby Schussler 0-0: Called Strike
0-1: Foul Ball, location: 2F
0-2: Ball
1-2: Ground out 6-3 (Groundball, 6, EV 101.2 MPH)
Top of the 1st over - 1 run, 1 hit, 0 errors, 0 left on base; Elkton 1 - Yonkers 0
BOTTOM OF THE 1ST
Yonkers Hounds batting - Pitching for Elkton Generals : RHP Lucas Coleman
Pitching: RHP Lucas Coleman
Batting: RHB Eugene Santillan 0-0: SINGLE (Groundball, 56D, EV 103.1 MPH)
Batting: SHB Tate Buckholtz 0-0: Called Strike
0-1: Foul Ball, location: 2F
0-2: Ball
1-2: Strikes out swinging
Batting: RHB Gareth Peraza 0-0: Called Strike
0-1: Ball
1-1: Foul Ball, location: 2F
1-2: Strikes out looking
Batting: LHB Chase Dykes 0-0: Foul Ball, location: 2F
0-1: Foul Ball, location: 2F
0-2: Strikes out swinging
Bottom of the 1st over - 0 runs, 1 hit, 0 errors, 1 left on base; Elkton 1 - Yonkers 0
TOP OF THE 2ND
Elkton Generals batting - Pitching for Yonkers Hounds : RHP Braeden Choi
Batting: LHB Torrion Aguilar 0-0: Ball
1-0: Swinging Strike
1-1: SINGLE (Line Drive, 8RS, EV 107.5 MPH)
Batting: RHB Gavin Nichols 0-0: Ball
1-0: Ball
Torrion Aguilar steals 2nd base
2-0: Foul Ball, location: 2F
2-1: Foul Ball, location: 2F
2-2: Foul Ball, location: 2F
2-2: DOUBLE (Line Drive, 78D, EV 101.9 MPH)
Torrion Aguilar scores
Batting: RHB Powell Quiroz 0-0: Ball
1-0: Ball
2-0: Ball
3-0: Called Strike
3-1: Base on Balls
Batting: RHB Kynan Moses 0-0: Ball
1-0: Foul Ball, location: 2F
1-1: Reached on error, E3 (Groundball, 34, EV 77.5 MPH)
Gavin Nichols to third
Powell Quiroz to second
Batting: RHB Robbie Berecz 0-0: Called Strike
0-1: Fly out, F7 (Flyball, 7, EV 90.0 MPH)
Batting: RHB Jakob Schreiber 0-0: Ball
1-0: Hit by Pitch
Gavin Nichols scores
Powell Quiroz to third
Kynan Moses to second
Batting: SHB Kavon Almodovar 0-0: Ball
1-0: Fly out, F7 (Flyball, 78XD, EV 90.6 MPH)
Runner from 3rd tags up, SCORES, no throw by LF
Batting: LHB Cody Parker 0-0: Foul Ball, location: 2F
0-1: Ball
1-1: Foul Ball, location: 2F
1-2: Strikes out swinging
Top of the 2nd over - 3 runs, 2 hits, 1 error, 2 left on base; Elkton 4 - Yonkers 0
BOTTOM OF THE 2ND
Yonkers Hounds batting - Pitching for Elkton Generals : RHP Lucas Coleman
Batting: RHB Donovan Swenson 0-0: Called Strike
0-1: Swinging Strike
0-2: Ball
1-2: Ball
2-2: Foul Ball, location: 2F
2-2: Ground out 6-3 (Groundball, 4MS, EV 68.1 MPH)
Batting: RHB Chuck Jones 0-0: Called Strike
0-1: Swinging Strike
0-2: Strikes out looking
Batting: RHB Ashton Hammock 0-0: Ball
1-0: Ball
2-0: Called Strike
2-1: Fly out, F9 (Flyball, 9, EV 89.4 MPH)
Bottom of the 2nd over - 0 runs, 0 hits, 0 errors, 0 left on base; Elkton 4 - Yonkers 0
TOP OF THE 3RD
Elkton Generals batting - Pitching for Yonkers Hounds : RHP Braeden Choi
Batting: RHB Ashby Schussler 0-0: Called Strike
0-1: Ball
1-1: Foul Ball, location: 2F
1-2: Strikes out swinging
Batting: LHB Torrion Aguilar 0-0: Called Strike
0-1: Ball
1-1: Ground out 5-3 (Groundball, 5, EV 85.0 MPH)
Batting: RHB Gavin Nichols 0-0: Called Strike
0-1: Ball
1-1: Foul Ball, location: 2F
1-2: Ground out 2-3 (Groundball, 2R, EV 70.0 MPH)
Top of the 3rd over - 0 runs, 0 hits, 0 errors, 0 left on base; Elkton 4 - Yonkers 0
BOTTOM OF THE 3RD
Yonkers Hounds batting - Pitching for Elkton Generals : RHP Lucas Coleman
Batting: RHB Collin McPherson 0-0: Foul Ball, location: 2F
0-1: Ball
1-1: Foul Ball, location: 2F
1-2: SINGLE (Groundball, 34D, EV 94.4 MPH)
Batting: RHB Orion Mteremeshi 0-0: Foul Ball, location: 2F
0-1: Foul Ball, location: 2F
0-2: Ball
1-2: Strikes out swinging
Batting: RHB Eugene Santillan 0-0: Ball
1-0: Fielders Choice at 2nd, 5-4 (Groundball, 56, EV 98.8 MPH)
Batting: SHB Tate Buckholtz 0-0: Ball
1-0: Ball
Eugene Santillan steals 2nd base
2-0: Called Strike
2-1: Ball
3-1: Swinging Strike
3-2: Foul Ball, location: 2F
3-2: Foul Ball, location: 2F
3-2: Foul Ball, location: 2F
3-2: Foul Ball, location: 2F
3-2: Base on Balls
Batting: RHB Gareth Peraza 0-0: Ball
1-0: Fly out, F7 (Flyball, 7, EV 91.2 MPH)
Bottom of the 3rd over - 0 runs, 1 hit, 0 errors, 2 left on base; Elkton 4 - Yonkers 0
TOP OF THE 4TH
Elkton Generals batting - Pitching for Yonkers Hounds : RHP Braeden Choi
Batting: RHB Powell Quiroz 0-0: Fly out, F7 (Flyball, 7S, EV 84.4 MPH)
Batting: RHB Kynan Moses 0-0: Ball
1-0: Foul Ball, location: 2F
1-1: Ball
2-1: DOUBLE (Line Drive, 78M, EV 101.9 MPH)
Batting: RHB Robbie Berecz 0-0: Ground out 3-1 (Groundball, 34, EV 90.0 MPH)
Kynan Moses to third
Batting: RHB Jakob Schreiber 0-0: Ball
1-0: Ball
2-0: Swinging Strike
2-1: Foul Ball, location: 2F
2-2: Ball
3-2: Foul Ball, location: 2F
3-2: Strikes out swinging
Top of the 4th over - 0 runs, 1 hit, 0 errors, 1 left on base; Elkton 4 - Yonkers 0
BOTTOM OF THE 4TH
Yonkers Hounds batting - Pitching for Elkton Generals : RHP Lucas Coleman
Batting: LHB Chase Dykes 0-0: Called Strike
0-1: Ball
1-1: Ball
2-1: Ball
3-1: Foul Ball, location: 2F
3-2: Foul Ball, location: 2F
3-2: Fly out, F8 (Flyball, 8LM, EV 85.0 MPH)
Batting: RHB Donovan Swenson 0-0: Ball
1-0: Foul Ball, location: 2F
1-1: Foul Ball, location: 2F
1-2: Ball
2-2: SINGLE (Groundball, 4D, EV 95.6 MPH)
Batting: RHB Chuck Jones 0-0: Foul Ball, location: 2F
0-1: Ball
1-1: Ball
2-1: Foul Ball, location: 2F
2-2: Strikes out swinging
Batting: RHB Ashton Hammock 0-0: Called Strike
0-1: Ball
1-1: Ball
2-1: Foul Ball, location: 2F
2-2: SINGLE (Flyball, 6MD, EV 89.4 MPH)
Donovan Swenson to second
Batting: RHB Collin McPherson 0-0: Called Strike
0-1: Ball
1-1: Fly out, F8 (Flyball, 89M, EV 93.1 MPH)
Bottom of the 4th over - 0 runs, 2 hits, 0 errors, 2 left on base; Elkton 4 - Yonkers 0
TOP OF THE 5TH
Elkton Generals batting - Pitching for Yonkers Hounds : RHP Braeden Choi
Batting: SHB Kavon Almodovar 0-0: Ball
1-0: Called Strike
1-1: Ball
2-1: Fly out, F8 (Flyball, 8RXD, EV 81.2 MPH)
Batting: LHB Cody Parker 0-0: Ball
1-0: Called Strike
1-1: Called Strike
1-2: Ground out 4-3 (Groundball, 4, EV 108.1 MPH)
Batting: RHB Ashby Schussler 0-0: Ball
1-0: Ball
2-0: Called Strike
2-1: Ball
3-1: Base on Balls
Batting: LHB Torrion Aguilar 0-0: Ball
1-0: Called Strike
1-1: Called Strike
1-2: Fly out, F5 (Popup, 5, EV 71.2 MPH)
Top of the 5th over - 0 runs, 0 hits, 0 errors, 1 left on base; Elkton 4 - Yonkers 0
BOTTOM OF THE 5TH
Yonkers Hounds batting - Pitching for Elkton Generals : RHP Lucas Coleman
Batting: RHB Orion Mteremeshi 0-0: Ball
1-0: SINGLE (Line Drive, 9LS, EV 109.4 MPH)
Batting: RHB Eugene Santillan 0-0: Called Strike
0-1: Ball
1-1: Swinging Strike
1-2: Ball
Pickoff Throw by Catcher to First - Out!
2-2: Foul Ball, location: 2F
2-2: Ball
3-2: Foul Ball, location: 2F
3-2: Foul Ball, location: 2F
3-2: Strikes out swinging
Batting: SHB Tate Buckholtz 0-0: SOLO HOME RUN (Flyball, 8LXD, EV 106.2 MPH), Distance : 434 ft
Batting: RHB Gareth Peraza 0-0: Called Strike
0-1: Foul Ball, location: 2F
0-2: Foul Ball, location: 2F
0-2: SINGLE (Groundball, 25, EV 66.2 MPH) (infield hit)
Batting: LHB Chase Dykes 0-0: Foul Ball, location: 2F
0-1: Swinging Strike
0-2: Strikes out swinging
Bottom of the 5th over - 1 run, 3 hits, 0 errors, 1 left on base; Elkton 4 - Yonkers 1
TOP OF THE 6TH
Elkton Generals batting - Pitching for Yonkers Hounds : RHP Braeden Choi
Batting: RHB Gavin Nichols 0-0: Foul Ball, location: 2F
0-1: Ball
1-1: Called Strike
1-2: Strikes out looking
Batting: RHB Powell Quiroz 0-0: Called Strike
0-1: Foul Ball, location: 2F
0-2: SOLO HOME RUN (Flyball, 7D, EV 99.4 MPH), Distance : 378 ft
Pitching: RHP Al Chani
Batting: RHB Kynan Moses 0-0: Ball
1-0: Ball
2-0: Ground out 6-3 (Groundball, 6, EV 109.4 MPH)
Batting: RHB Robbie Berecz 0-0: Foul Ball, location: 2F
0-1: Swinging Strike
0-2: Ball
1-2: Foul Ball, location: 2F
1-2: Foul Ball, location: 2F
1-2: Ball
2-2: Foul Ball, location: 2F
2-2: SINGLE (Flyball, 89S, EV 96.2 MPH)
Batting: RHB Jakob Schreiber 0-0: Ball
1-0: Called Strike
1-1: Foul Ball, location: 2F
1-2: Fly out, F8 (Flyball, 78M, EV 93.1 MPH)
Top of the 6th over - 1 run, 2 hits, 0 errors, 1 left on base; Elkton 5 - Yonkers 1
BOTTOM OF THE 6TH
Yonkers Hounds batting - Pitching for Elkton Generals : RHP Lucas Coleman
Batting: RHB Donovan Swenson 0-0: Ball
1-0: Foul Ball, location: 2F
1-1: Ball
2-1: Swinging Strike
2-2: Strikes out swinging
Pitching: RHP Roger Baker
Batting: RHB Chuck Jones 0-0: Ball
1-0: SINGLE (Flyball, 7LS, EV 90.0 MPH)
Batting: RHB Ashton Hammock 0-0: Ball
1-0: Ball
Balk!
Chuck Jones to second
2-0: Foul Ball, location: 2F
2-1: Called Strike
2-2: 2-RUN HOME RUN (Flyball, 78XD, EV 103.8 MPH), Distance : 403 ft
Batting: RHB Collin McPherson 0-0: Called Strike
0-1: Ball
1-1: Ball
2-1: Swinging Strike
2-2: Foul Ball, location: 2F
2-2: Ball
3-2: Strikes out looking
Batting: RHB Orion Mteremeshi 0-0: Foul Ball, location: 2F
0-1: Swinging Strike
0-2: Ball
1-2: Ball
2-2: Foul Ball, location: 2F
2-2: Ground out U3 (Groundball, 34S, EV 80.6 MPH)
Bottom of the 6th over - 2 runs, 2 hits, 0 errors, 0 left on base; Elkton 5 - Yonkers 3
TOP OF THE 7TH
Elkton Generals batting - Pitching for Yonkers Hounds : RHP Al Chani
Batting: SHB Kavon Almodovar 0-0: Called Strike
0-1: Called Strike
0-2: Ball
1-2: SINGLE (Line Drive, 7S, EV 95.6 MPH)
Batting: LHB Cody Parker 0-0: Ball
1-0: Called Strike
1-1: Fly out, F6 (Popup, 6, EV 55.6 MPH)
Batting: RHB Ashby Schussler 0-0: Ball
1-0: Swinging Strike
1-1: Ball
Wild Pitch!
Kavon Almodovar to second
2-1: Ball
3-1: Base on Balls
Batting: LHB Torrion Aguilar 0-0: SINGLE (Groundball, 4MD, EV 98.8 MPH)
Kavon Almodovar to third
Ashby Schussler to second
Runner from 3rd tries for Home, SAFE, throw by CF to home
Batting: RHB Gavin Nichols 0-0: Called Strike
0-1: Foul Ball, location: 2F
0-2: Ball
1-2: Fly out, F7 (Line Drive, 7S, EV 93.8 MPH)
Batting: RHB Powell Quiroz 0-0: Swinging Strike
0-1: Fly out, F9 (Flyball, 9D, EV 88.8 MPH)
Top of the 7th over - 1 run, 2 hits, 0 errors, 2 left on base; Elkton 6 - Yonkers 3
BOTTOM OF THE 7TH
Yonkers Hounds batting - Pitching for Elkton Generals : RHP Roger Baker
Now at 1B: Devin Sneary
Now at 3B: Robbie Berecz
Batting: RHB Eugene Santillan 0-0: Ball
1-0: Ball
2-0: Ball
3-0: Called Strike
3-1: Base on Balls
Batting: SHB Tate Buckholtz 0-0: Called Strike
0-1: Foul Ball, location: 2F
0-2: Fly out, F7 (Flyball, 7LM, EV 88.1 MPH)
Pitching: LHP Bailey Flodin
Batting: RHB Gareth Peraza 0-0: Ball
1-0: Foul Ball, location: 2F
1-1: Foul Ball, location: 2F
1-2: Ball
2-2: 2-RUN HOME RUN (Flyball, 7LD, EV 95.0 MPH), Distance : 340 ft
Batting: LHB Chase Dykes 0-0: Ball
1-0: Ground out 5-3 (Groundball, 56, EV 92.5 MPH)
Batting: RHB Donovan Swenson 0-0: Foul Ball, location: 2F
0-1: Called Strike
0-2: Foul Ball, location: 2F
0-2: Ground out 2-3 (Groundball, 13S, EV 67.5 MPH)
Bottom of the 7th over - 2 runs, 1 hit, 0 errors, 0 left on base; Elkton 6 - Yonkers 5
TOP OF THE 8TH
Elkton Generals batting - Pitching for Yonkers Hounds : RHP Al Chani
Batting: RHB Kynan Moses 0-0: Ball
1-0: Ball
2-0: Ball
3-0: Base on Balls
Pitching: LHP Jason Decker
Batting: RHB Robbie Berecz 0-0: Called Strike
0-1: Ball
1-1: Called Strike
1-2: Ball
Balk!
Kynan Moses to second
2-2: Foul Ball, location: 2F
2-2: Strikes out swinging
Batting: LHB Devin Sneary 0-0: Called Strike
0-1: Swinging Strike
0-2: Ball
1-2: Strikes out swinging
Batting: SHB Kavon Almodovar 0-0: Called Strike
0-1: Ball
1-1: Ball
2-1: Swinging Strike
2-2: Ball
3-2: Fly out, F9 (Flyball, 89S, EV 86.2 MPH)
Top of the 8th over - 0 runs, 0 hits, 0 errors, 1 left on base; Elkton 6 - Yonkers 5
BOTTOM OF THE 8TH
Yonkers Hounds batting - Pitching for Elkton Generals : LHP Bailey Flodin
Batting: RHB Chuck Jones 0-0: Called Strike
0-1: Ball
1-1: Ground out 4-3 (Groundball, 4, EV 95.0 MPH)
Batting: RHB Ashton Hammock 0-0: Called Strike
0-1: Called Strike
0-2: Hit by Pitch
Pinch Hitting: SHB Dallin Fortier 0-0: Swinging Strike
0-1: Ball
1-1: Ball
2-1: 2-RUN HOME RUN (Flyball, 7D, EV 97.5 MPH), Distance : 384 ft
Pitching: RHP Mario Quintero
Batting: RHB Orion Mteremeshi 0-0: Called Strike
0-1: Ground out 5-3 (Groundball, 56S, EV 66.9 MPH)
Batting: RHB Eugene Santillan 0-0: Foul Ball, location: 2F
0-1: Called Strike
0-2: DOUBLE (Groundball, 5L, EV 108.8 MPH)
Batting: SHB Tate Buckholtz 0-0: Called Strike
0-1: Foul Ball, location: 2F
0-2: Ball
1-2: Ball
2-2: Strikes out swinging
Bottom of the 8th over - 2 runs, 2 hits, 0 errors, 1 left on base; Elkton 6 - Yonkers 7
TOP OF THE 9TH
Elkton Generals batting - Pitching for Yonkers Hounds : LHP Jason Decker
Pitching: RHP Kaden Rognstad
Now at 1B: Dallin Fortier
Now in LF: Orion Mteremeshi
Now in CF: Michael Kalu
Batting: LHB Cody Parker 0-0: Called Strike
0-1: Called Strike
0-2: Ball
1-2: Foul Ball, location: 2F
1-2: Ball
2-2: Foul Ball, location: 2F
2-2: Ball
3-2: Base on Balls
Pinch Hitting: LHB Garrison Endres 0-0: Ball
1-0: Called Strike
1-1: Ball
2-1: Ball
3-1: Called Strike
3-2: Foul Ball, location: 2F
3-2: SINGLE (Groundball, 4MD, EV 101.2 MPH)
Cody Parker to second
Throwing error, E8
Cody Parker scores
Garrison Endres to second
Batting: LHB Torrion Aguilar 0-0: Intentional Walk
Pinch Hitting: LHB Isiah Washington 0-0: Ball
1-0: Foul Ball, location: 2F
1-1: Foul Ball, location: 2F
1-2: Strikes out swinging
Batting: RHB Powell Quiroz 0-0: Ball
1-0: Grounds into double play, 6-4-3 (Groundball, 6, EV 96.9 MPH)
Top of the 9th over - 1 run, 1 hit, 1 error, 1 left on base; Elkton 7 - Yonkers 7
BOTTOM OF THE 9TH
Yonkers Hounds batting - Pitching for Elkton Generals : RHP Mario Quintero
Now at C: Garrison Endres
Now at 2B: Rohan McDowell
Batting: RHB Gareth Peraza 0-0: Foul Ball, location: 2F
0-1: Ball
1-1: Swinging Strike
1-2: Ball
2-2: Foul Ball, location: 2F
2-2: SINGLE (Groundball, 56D, EV 106.9 MPH)
Batting: LHB Michael Kalu 0-0: Called Strike
0-1: Called Strike
0-2: Foul Ball, location: 2F
0-2: Ball
1-2: Strikes out looking
Batting: RHB Donovan Swenson 0-0: Ball
1-0: Ball
Gareth Peraza is caught stealing 2nd base 2-4
2-0: Ball
3-0: Called Strike
3-1: Called Strike
3-2: Base on Balls
Batting: RHB Chuck Jones 0-0: Ball
1-0: Swinging Strike
1-1: Ball
2-1: Foul Ball, location: 2F
2-2: Strikes out swinging
Bottom of the 9th over - 0 runs, 1 hit, 0 errors, 1 left on base; Elkton 7 - Yonkers 7
TOP OF THE 10TH
Elkton Generals batting - Pitching for Yonkers Hounds : RHP Kaden Rognstad
Pitching: RHP Tyvoris Yamamoto
Pinch Hitting: RHB Scott Baisley 0-0: Called Strike
0-1: Called Strike
0-2: Strikes out swinging
Pinch Hitting: SHB Brian Van Valkenburg 0-0: Ball
1-0: Called Strike
1-1: Swinging Strike
1-2: Strikes out swinging
Batting: LHB Devin Sneary 0-0: Ball
1-0: Ball
2-0: Foul Ball, location: 2F
2-1: Ground out 6-3 (Groundball, 6MD, EV 79.4 MPH)
Top of the 10th over - 0 runs, 0 hits, 0 errors, 0 left on base; Elkton 7 - Yonkers 7
BOTTOM OF THE 10TH
Yonkers Hounds batting - Pitching for Elkton Generals : RHP Mario Quintero
Pitching: RHP Joseph Vittoria
Now at 3B: Scott Baisley
Now in CF: Torrion Aguilar
Now in RF: Ramik Caraballo
Batting: RHB Ashton Hammock 0-0: Ball
1-0: Foul Ball, location: 2F
1-1: Foul Ball, location: 2F
1-2: Foul Ball, location: 2F
1-2: Ground out 5-3 (Groundball, 56, EV 90.0 MPH)
Batting: SHB Dallin Fortier 0-0: Foul Ball, location: 2F
0-1: Swinging Strike
0-2: Strikes out looking
Pinch Hitting: RHB Marshall Seaton 0-0: Called Strike
0-1: Swinging Strike
0-2: Ball
1-2: Ball
2-2: Foul Ball, location: 2F
2-2: Ball
3-2: Strikes out swinging
Bottom of the 10th over - 0 runs, 0 hits, 0 errors, 0 left on base; Elkton 7 - Yonkers 7
TOP OF THE 11TH
Elkton Generals batting - Pitching for Yonkers Hounds : RHP Tyvoris Yamamoto
Now in LF: Marshall Seaton
Batting: SHB Kavon Almodovar 0-0: Ball
1-0: Ball
2-0: Ball
3-0: Called Strike
3-1: Called Strike
3-2: Foul Ball, location: 2F
3-2: SINGLE (Flyball, 7S, EV 98.8 MPH)
Batting: LHB Cody Parker 0-0: Called Strike
0-1: Ball
1-1: Ball
2-1: Foul Ball, location: 2F
2-2: Ball
3-2: Foul Ball, location: 2F
3-2: Foul Ball, location: 2F
3-2: Foul Ball, location: 2F
3-2: Strikes out swinging
Batting: LHB Garrison Endres 0-0: Swinging Strike
0-1: Ball
1-1: Ball
2-1: Foul Ball, location: 2F
2-2: Strikes out swinging
Batting: LHB Torrion Aguilar 0-0: Ball
1-0: Called Strike
1-1: Ball
2-1: Ball
3-1: Fly out, F8 (Flyball, 8RXD, EV 102.5 MPH)
Top of the 11th over - 0 runs, 1 hit, 0 errors, 1 left on base; Elkton 7 - Yonkers 7
BOTTOM OF THE 11TH
Yonkers Hounds batting - Pitching for Elkton Generals : RHP Joseph Vittoria
Batting: RHB Eugene Santillan 0-0: Ball
1-0: Ball
2-0: Foul Ball, location: 2F
2-1: Ball
3-1: Base on Balls
Batting: SHB Tate Buckholtz 0-0: Fly out, F8 (Flyball, 8LS, EV 90.0 MPH)
Batting: RHB Gareth Peraza 0-0: Called Strike
0-1: Foul Ball, location: 2F
0-2: Ball
1-2: Fly out, F7 (Flyball, 78M, EV 81.9 MPH)
Batting: LHB Michael Kalu 0-0: Ball
1-0: Ground out 4-3 (Groundball, 4, EV 101.9 MPH)
Bottom of the 11th over - 0 runs, 0 hits, 0 errors, 1 left on base; Elkton 7 - Yonkers 7
TOP OF THE 12TH
Elkton Generals batting - Pitching for Yonkers Hounds : RHP Tyvoris Yamamoto
Batting: RHB Rohan McDowell 0-0: SINGLE (Groundball, 3L, EV 86.9 MPH) (infield hit)
Batting: RHB Powell Quiroz 0-0: Ball
1-0: Reached on error, E5 (Groundball, 5S, EV 43.8 MPH)
Rohan McDowell to third
Batting: RHB Scott Baisley 0-0: Intentional Walk
Pinch Hitting: RHB Roland Henderson 0-0: Swinging Strike
0-1: Ball
1-1: Foul Ball, location: 2F
1-2: Strikes out swinging
Batting: LHB Devin Sneary 0-0: Called Strike
0-1: Swinging Strike
0-2: Strikes out swinging
Batting: SHB Kavon Almodovar 0-0: Called Strike
0-1: Called Strike
0-2: Ground out U3 (Groundball, 3D, EV 80.6 MPH)
Top of the 12th over - 0 runs, 1 hit, 1 error, 3 left on base; Elkton 7 - Yonkers 7
BOTTOM OF THE 12TH
Yonkers Hounds batting - Pitching for Elkton Generals : RHP Joseph Vittoria
Now in LF: Roland Henderson
Now in RF: Cody Parker
Batting: RHB Donovan Swenson 0-0: Ball
1-0: Ball
2-0: Swinging Strike
2-1: Foul Ball, location: 2F
2-2: Ball
3-2: Base on Balls
Pitching: LHP Erick Vanover
Batting: RHB Chuck Jones 0-0: Ball
1-0: Called Strike
1-1: Called Strike
1-2: Foul Ball, location: 2F
1-2: Foul Ball, location: 2F
1-2: Strikes out swinging
Batting: RHB Ashton Hammock 0-0: Swinging Strike
0-1: Ball
1-1: Called Strike
1-2: Ball
2-2: Fly out, F8 (Flyball, 8RM, EV 90.0 MPH)
Batting: SHB Dallin Fortier 0-0: Ball
1-0: Swinging Strike
1-1: Ball
2-1: Ball
3-1: Base on Balls
Donovan Swenson to second
Batting: RHB Marshall Seaton 0-0: Called Strike
0-1: Swinging Strike
0-2: Strikes out swinging
Bottom of the 12th over - 0 runs, 0 hits, 0 errors, 2 left on base; Elkton 7 - Yonkers 7
TOP OF THE 13TH
Elkton Generals batting - Pitching for Yonkers Hounds : RHP Tyvoris Yamamoto
Pitching: RHP Mitchell Farish
Batting: LHB Cody Parker 0-0: Called Strike
0-1: Ball
1-1: Foul Ball, location: 2F
1-2: Ball
2-2: Ball
3-2: SINGLE (Groundball, 6S, EV 67.5 MPH) (infield hit)
Batting: LHB Garrison Endres 0-0: Ground out 6-3 (Groundball, 6S, EV 66.9 MPH)
Cody Parker to second
Batting: LHB Torrion Aguilar 0-0: Intentional Walk
Batting: RHB Rohan McDowell 0-0: Ball
1-0: Ball
2-0: Ball
3-0: Base on Balls
Cody Parker to third
Torrion Aguilar to second
Batting: RHB Powell Quiroz 0-0: Ball
1-0: Called Strike
1-1: Called Strike
1-2: Ball
2-2: Foul Ball, location: 2F
2-2: Ball
3-2: Base on Balls
Cody Parker scores
Torrion Aguilar to third
Rohan McDowell to second
Batting: RHB Scott Baisley 0-0: Ball
1-0: Ball
2-0: Ball
3-0: Base on Balls
Torrion Aguilar scores
Rohan McDowell to third
Powell Quiroz to second
Batting: RHB Roland Henderson 0-0: Ball
1-0: Called Strike
1-1: Foul Ball, location: 2F
1-2: Foul Ball, location: 2F
1-2: Foul Ball, location: 2F
1-2: Fly out, F9 (Line Drive, 9S, EV 87.5 MPH)
Batting: LHB Devin Sneary 0-0: Foul Ball, location: 2F
0-1: Ball
1-1: Called Strike
1-2: Strikes out looking
Top of the 13th over - 2 runs, 1 hit, 0 errors, 3 left on base; Elkton 9 - Yonkers 7
BOTTOM OF THE 13TH
Yonkers Hounds batting - Pitching for Elkton Generals : LHP Erick Vanover
Batting: RHB Eugene Santillan 0-0: Called Strike
0-1: Ground out 6-3 (Groundball, P, EV 76.9 MPH)
Batting: SHB Tate Buckholtz 0-0: Called Strike
0-1: Called Strike
0-2: Ball
1-2: Strikes out swinging
Batting: RHB Gareth Peraza 0-0: Ball
1-0: Ball
2-0: Ball
3-0: Called Strike
3-1: Base on Balls
Batting: LHB Michael Kalu 0-0: Fly out, F8 (Flyball, 8LM, EV 73.1 MPH)
Bottom of the 13th over - 0 runs, 0 hits, 0 errors, 1 left on base; Elkton 9 - Yonkers 7
Saturday, March 23rd , 2024 - OOTP Baseball 23.10 Build 110